 Dungeon Crawl Stone Soup version 0.17-a0-2098-gf59d6bc (webtiles) character file.

994 septik the Skirmisher (level 7, 0/57 HPs)
             Began as a Mummy Fighter on Oct 17, 2015.
             Killed from afar by an orc wizard (10 damage)
             ... with a puff of flame
             ... on level 6 of the Dungeon.
             The game lasted 00:24:51 (5900 turns).

septik the Skirmisher (Mummy Fighter)               Turns: 5900, Time: 00:24:52

Health: 0/57       AC: 19    Str: 21    XL:     7   Next: 99%
Magic:  7/7        EV:  7    Int:  7    God:
Gold:   141        SH:  9    Dex: 12    Spells: 0 memorised, 6 levels left

rFire  x . .     SeeInvis .     l - +1 mace (protect)
rCold  + . .     Clarity  .     b - +0 scale mail
rNeg   + + +     SustAt   +     c - +0 shield
rPois  ∞         Gourm    .     o - +2 helmet
rElec  .         Spirit   .     i - +2 cloak
rCorr  +         Warding  .     n - +0 pair of gloves
rMut   .         Stasis   .     (no boots)
MR     .....                    r - amulet of resist corrosion
Stlth  ..........               (no ring)
                                k - ring of sustain attributes

@: not resistant to hostile enchantments, extremely unstealthy
A: no food or potions, fire vulnerability, cold resistance 1, negative energy
resistance 3, torment resistance, unbreathing
a: no special abilities


You were on level 6 of the Dungeon.
You were not hungry.

You visited 1 branch of the dungeon, and saw 6 of its levels.
You also visited: Sewer.

You collected 290 gold pieces.
You spent 149 gold pieces at shops.

Inventory:

Hand Weapons
 a - a +0 flail
 f - a +0 dagger of venom
 l - a +1 mace of protection (weapon)
Missiles
 q - 6 javelins (quivered)
 t - 3 throwing nets
Armour
 b - a +0 scale mail (worn)
 c - a +0 shield (worn)
 i - a +2 cloak (worn)
 n - a +0 pair of gloves (worn)
 o - a +2 helmet (worn)
Jewellery
 k - a ring of sustain attributes (left hand)
 r - an amulet of resist corrosion (around neck)
Wands
 m - a wand of flame (28)
 s - a wand of slowing (20)
Scrolls
 d - 5 scrolls of identify
 e - 4 scrolls of noise
 g - 3 scrolls of teleportation
 h - a scroll of enchant armour
 j - 6 scrolls of remove curse
 p - a scroll of fog {unknown}
 u - 2 scrolls of enchant weapon {unknown}
 v - a scroll of amnesia {unknown}
 w - a scroll of immolation {unknown}
Books
 x - an Akashic Record

   Spells                             Type                      Level
   a - Dispersal                      Translocation                6
   b - Controlled Blink               Translocation                7
   c - Malign Gateway                 Summoning/Translocation      7
   d - Disjunction                    Translocation                8


   Skills:
 + Level 5.7 Fighting
 * Level 5.5 Maces & Flails
 + Level 4.3 Armour
 - Level 2.4 Shields


You had 6 spell levels left.
You didn't know any spells.

Dungeon Overview and Level Annotations

Branches:
Dungeon (6/15)             Temple (0/1) D:5

Altars:
Cheibriados

Shops:
D:4 ?

Annotations:
D:6 Menkaure


Innate Abilities, Weirdness & Mutations

You do not eat or drink.
Your flesh is vulnerable to fire.
You are immune to poison.
Your flesh is cold resistant.
You are immune to negative energy.
You are immune to unholy pain and torment.
You can survive without breathing.


Message History

* * * LOW HITPOINT WARNING * * *
You are too injured to fight recklessly!
You are too injured to fight recklessly!
You are too injured to fight recklessly!
You are too injured to fight recklessly!
You are too injured to fight recklessly!
Something hits you but does no damage. Something hits you but does no damage.
Something hits you.
* * * LOW HITPOINT WARNING * * *
Something hits you.
* * * LOW HITPOINT WARNING * * *
The orc priest invokes the aid of Beogh against you.
Something hits you but does no damage.
The orc priest casts a cantrip, but nothing happens.
Something hits you but does no damage.
You hear some strange, mumbled words.
A puff of flame appears from out of thin air!
The puff of flame hits you! The fire burns you terribly!
You die...

,,,*,#.####.......#######.......#
,,,*,#.###..........##....#####.#
,,,,,#.....#######o.##.########.#
,,,,<#..##.#≈≈≈≈≈#o.............,
,...,#..#..'≈≈.≈≈#..##.#########*
,....#.....#≈≈≈≈≈#.........#
*,,,#......#######.###.###.#
*,,.#..............# #.# #.#
,...........''..@..# #.# #.#
,......#...........# #.# #.#
*####.##...........# #.# #.#
*,,................# #.###.######
*,..............)..# #..........#
*,.............#'#########.####.#
,,,............#.#<.....[#.# *,*
,,,............#.#######.#.# *,*
,,,,...........'.........#.# *,*


You could see 2 orc priests.

Vanquished Creatures
  2 ogres (D:5)
  A giant frog (D:6)
  A big kobold (Sewer)
  2 hounds
  2 orc priests (D:6)
  2 orc wizards (D:6)
  A giant frog skeleton (D:5)
  A worker ant (D:4)
  A hound skeleton (D:5)
  A worker ant zombie (D:5)
  Robin (D:2)
  9 adders
  7 gnolls
  11 river rats (Sewer)
  A shadow imp (D:5)
  2 oozes
  An adder skeleton (D:4)
  3 worms (D:2)
  4 giant geckos
  8 orcs
  7 ball pythons
  11 giant cockroaches
  11 goblins
  14 hobgoblins
  9 jackals
  24 kobolds
  A quokka (D:3)
  10 bats
  8 giant newts
  A jackal skeleton (D:4)
  20 rats
177 creatures vanquished.

Notes
Turn   | Place    | Note
--------------------------------------------------------------
     0 | D:1      | septik the Mummy Fighter began the quest for the Orb.
     0 | D:1      | Reached XP level 1. HP: 18/18 MP: 1/1
   357 | D:1      | Reached XP level 2. HP: 22/24 MP: 2/2
  1036 | D:2      | Reached XP level 3. HP: 29/29 MP: 3/3
  1037 | D:2      | Found a faded altar to an unknown god.
  1664 | D:2      | Reached XP level 4. HP: 37/37 MP: 4/4
  1722 | D:2      | Reached skill level 4 in Fighting
  1938 | D:3      | Noticed Robin
  2306 | D:3      | Reached XP level 5. HP: 31/42 MP: 5/5
  2467 | D:2      | Killed Robin
  3242 | D:4      | Found Zef Cops's Magic Scroll Shoppe.
  3247 | D:4      | Bought a scroll of remove curse for 39 gold pieces
  3247 | D:4      | Bought a scroll of magic mapping for 45 gold pieces
  3247 | D:4      | Bought a scroll of remove curse for 39 gold pieces
  3247 | D:4      | Bought a scroll of identify for 26 gold pieces
  3562 | D:5      | Entered Level 5 of the Dungeon
  3615 | D:5      | Reached XP level 6. HP: 49/49 MP: 6/6
  3770 | D:5      | Found a snail-covered altar of Cheibriados.
  3958 | D:5      | Found a staircase to the Ecumenical Temple.
  4004 | D:5      | Noticed an ogre
  4018 | D:5      | Killed an ogre
  4018 | D:5      | Reached skill level 5 in Fighting
  4235 | D:6      | Found a glowing drain.
  4282 | Sewer    | Entered a sewer
  4333 | Sewer    | Reached XP level 7. HP: 43/56 MP: 7/7
  4879 | Sewer    | Reached skill level 5 in Maces & Flails
  5219 | D:6      | Noticed Menkaure
  5576 | D:6      | Noticed a deep elf fighter
  5900 | D:6      | Killed from afar by an orc wizard

Vault maps used:
D:1:      minmay_arrival_widening_spiral_wide, minivault_4,
          minmay_misc_feat_columns, st_stairs_11, serial_bayou_pond_a
D:2:      ecumenical_altar_1
D:3:      uniq_robin
D:4:      serial_shops, kennysheep_little_box, first_bread
D:5:      minmay_temple_entry_from_below_a, cheibriados_altar_wand_db
D:6:      lemuel_ice_spiral_2, gup_sewer_entry_glass, guppyfry_early_elven_hall,
          uniq_menkaure
Sewer:    sewer_minmay_treatment

Action                   |  1- 3 |  4- 6 |  7- 9 || total
-------------------------+-------+-------+-------++-------
Melee: Dagger            |   144 |   134 |       ||   278
       Flail             |    11 |       |       ||    11
       Mace              |       |   200 |   219 ||   419
Throw: Javelin           |       |       |     3 ||     3
  Use: Scroll            |       |     6 |     3 ||     9
